 Dungeon Crawl Stone Soup version 0.30.1-11-g7821555f0a (webtiles) character file.

Game seed: 8168459912265334975

109 Cheops the Poker (level 4, -3/33 HPs)
             Began as a Merfolk Gladiator on Nov 15, 2023.
             Slain by Menkaure (19 damage)
             ... on level 4 of the Dungeon.
             The game lasted 00:04:26 (1659 turns).

Cheops the Poker (Merfolk Gladiator)                Turns: 1659, Time: 00:04:27

Health: -3/33      AC:  6    Str: 14    XL:     4   Next: 90%
Magic:  4/4        EV: 13    Int: 15    God:
Gold:   134        SH:  0    Dex: 15    Spells: 3/3 levels left

rFire   . . .        a - +0 trident
rCold   . . .        (no shield)
rNeg    . . .        b - +0 leather armour
rPois   .            c - +0 helmet
rElec   .            (no cloak)
rCorr   .            (no gloves)
SInv    .            n - +1 pair of boots
Will    .....        (no amulet)
Stlth   +            o - +6 ring of intelligence
HPRegen 0.25/turn    (no ring)
MPRegen 0.09/turn

%: no passive effects
@: no status effects
A: (nimble swimmer 2), mertail
a: no special abilities


You were on level 4 of the Dungeon.
You visited 1 branch of the dungeon, and saw 3 of its levels.

You collected 134 gold pieces.

Inventory:

Hand Weapons
 a - a +0 trident (weapon)
Missiles
 d - 3 throwing nets (quivered)
 e - a javelin
Armour
 b - a +0 leather armour (worn)
 c - a +0 helmet (worn)
 n - a +1 pair of boots (worn)
Jewellery
 o - a +6 ring of intelligence (left hand)
Wands
 k - a wand of paralysis (1)
Scrolls
 f - a scroll of torment {unknown}
 g - a scroll of fog {unknown}
 h - 5 scrolls of identify {unknown}
 j - a scroll of noise {unknown}
 l - a scroll of teleportation {unknown}
 m - a scroll of enchant weapon {unknown}
 p - a scroll of enchant armour {unknown}
 q - a scroll of immolation {unknown}
Potions
 i - a potion of brilliance {unknown}


   Skills:
 - Level 2.1 Fighting
 + Level 7.2 Polearms
 - Level 2.0 Throwing
 - Level 4.0 Dodging


You had 3 spell levels left.
You didn't know any spells.
Your spell library contained the following spells:

 Spells                   Type           Power      Damage    Failure   Level
 Sting                    Tmut/Pois      0%         1d3       34%         1
 Blink                    Tloc           0%         N/A       45%         2
 Lesser Beckoning         Tloc           0%         N/A       45%         2
 Momentum Strike          Conj/Tloc      0%         3d8       45%         2
 Poisonous Vapours        Pois/Air       0%         N/A       45%         2
 Olgreb's Toxic Radiance  Pois           0%         N/A       98%         4


Dungeon Overview and Level Annotations

Branches:
Dungeon (2/15)

Altars:
Vehumet

Annotations:
D:4 Menkaure


Innate Abilities, Weirdness & Mutations

((You are very nimble when in or above water. (Stealth+, EV+, Speed+++)))
Your lower body shifts to a powerful aquatic tail in water.


Message History

Unknown command.
Menkaure, Prince of Dust comes into view.
Menkaure shouts!
Menkaure casts a spell.
Menkaure seems to speed up.
You reach to attack!
You hit Menkaure.
Menkaure is lightly damaged.
You barely miss Menkaure.
Menkaure is lightly damaged.
Menkaure closely misses you. Menkaure hits you.
You barely miss Menkaure.
Menkaure is lightly damaged.
Menkaure barely misses you.
You hit Menkaure.
Menkaure is lightly damaged.
Menkaure hits you but does no damage.
You hit Menkaure.
Menkaure is moderately damaged.
Menkaure closely misses you.
You barely miss Menkaure.
Menkaure is moderately damaged.
Menkaure casts a spell at you.
You barely resist. You puncture Menkaure!
Menkaure is heavily damaged.
Menkaure shouts, "The curse of the Pharaohs be upon you!"
Menkaure barely misses you. Menkaure closely misses you.
You hit Menkaure but do no damage.
Menkaure is heavily damaged.
Menkaure barely misses you.
You hit Menkaure but do no damage.
Menkaure is heavily damaged.
Menkaure calls on the powers of darkness!
Your body is wracked with pain!
* * * LOW HITPOINT WARNING * * *
You hit Menkaure but do no damage.
Menkaure is heavily damaged.
Menkaure hits you!!
Ouch! That really hurt!
You die...

#.......#######<##.###
#.#####....#....##.#
#.#####.##.#.......#
#.##.......#...#####
#.##.##.##.......
#.#...#.######.##
#...#....# #.
##....##M# ..
#.##.##@# .. #.##.##.#
.. #.##.##.# #.......#
####M#### #.# .#


You could see Menkaure (fast).

Vanquished Creatures
  6 adders (D:2)
  2 worms (D:2)
  A dart slug (D:1)
  A bat (D:2)
  5 endoplasms
  4 giant cockroaches
  6 hobgoblins (D:1)
  3 jackals (D:1)
  4 kobolds
  2 quokkas
  4 ball pythons (D:1)
  A frilled lizard (D:2)
  5 goblins
44 creatures vanquished.

Notes
Turn   | Place    | Note
-------+----------+-------------------------------------------
     0 | D:1      | Cheops the Merfolk Gladiator began the quest for the Orb.
     0 | D:1      | Reached XP level 1. HP: 16/16 MP: 1/1
    69 | D:1      | Reached XP level 2. HP: 16/22 MP: 2/2
   136 | D:1      | Reached skill level 5 in Polearms
   489 | D:1      | Reached XP level 3. HP: 27/27 MP: 3/3
  1071 | D:2      | Reached skill level 6 in Polearms
  1120 | D:2      | Reached XP level 4. HP: 25/33 MP: 4/4
  1306 | D:2      | Reached skill level 7 in Polearms
  1329 | D:2      | Found a radiant altar of Vehumet.
  1599 | D:2      | You fall into a shaft and drop 2 floors!
  1641 | D:4      | Noticed Menkaure
  1659 | D:4      | Slain by Menkaure

Illustrated notes

Levels and vault maps discovered:
D:1:      ncdulo_wetmaze, layout_basic, amcnicky_mini_rare_corridor_liquid
D:2:      layout_basic, basic_altar
D:4:      layout_loops_cross, minmay_fractal_squares_5, uniq_menkaure

Skill      XL: |  1  2  3  4 |
---------------+-------------+-----
Polearms       | 5 6 7 |  7.2
Fighting       | |  2.1
Throwing       | |  2.0
Dodging        | |  4.0

Action                     |  1- 3 |  4- 6 || total
---------------------------+-------+-------++-------
  Melee: Trident           |   112 |    62 ||   174
         Punch             |     1 |       ||     1
   Stab: Sleeping          |       |     2 ||     2
 Armour: Leather armour    |    25 |    13 ||    38
  Dodge: Dodged            |    72 |    39 ||   111
